 Dungeon Crawl Stone Soup version 0.26.1-11-gd32895ea62 (webtiles) character file.

Game seed: 3522072198451561754

231 seveneves the Chopper (level 6, -13/55 HPs)
             Began as a Hill Orc Berserker on July 16, 2021.
             Was an Initiate of the Shining One.
             Mangled by an ogre
             ... wielding a +0 giant club
              (19 damage)
             ... on level 4 of the Dungeon.
             The game lasted 00:14:53 (2319 turns).

seveneves the Chopper (Hill Orc Berserker)          Turns: 2319, Time: 00:14:54

Health: -13/55     AC:  8    Str: 22    XL:     6   Next: 3%
Magic:  6/6        EV: 10    Int:  7    God:    the Shining One [......]
Gold:   127        SH:  3    Dex: 10    Spells: 5/5 levels left

rFire    . . .     SeeInvis .   a - +0 hand axe
rCold    . . .     Faith    .   c - +0 buckler
rNeg     . . .     Spirit   .   g - +0 scale mail
rPois    .         Reflect  .   (no helmet)
rElec    .         Harm     .   (no cloak)
rCorr    .         Rampage  .   o - +0 pair of gloves
Will     +....                  (no boots)
Stlth    ..........             e - amulet of regeneration
HPRegen  0.58/turn              r - ring of willpower
MPRegen  0.10/turn              (no ring)

@: glowing
A: no striking features
a: Renounce Religion, Convert to Beogh


You were on level 4 of the Dungeon.
You worshipped the Shining One.
The Shining One was noncommittal.
You visited 1 branch of the dungeon, and saw 4 of its levels.

You collected 127 gold pieces.

Inventory:

Hand Weapons
 a - a +0 hand axe (weapon)
 i - a +1 short sword of holy wrath
 k - a +4 dagger
Missiles
 m - 2 datura-tipped darts
Armour
 b - a +0 animal skin
 c - a +0 buckler (worn)
 g - a +0 scale mail (worn)
 o - a +0 pair of gloves (worn)
Jewellery
 e - an amulet of regeneration (around neck)
 r - a ring of willpower (left hand)
Wands
 q - a wand of iceblast (7) (quivered)
Scrolls
 d - a scroll of teleportation
 n - a scroll of remove curse
 s - a scroll of identify
Potions
 f - a potion of invisibility {unknown}
 h - a potion of cancellation
 j - a potion of heal wounds {unknown}
 l - 3 potions of flight {unknown}
 p - a potion of attraction {unknown}


   Skills:
 + Level 4.8 Fighting
 + Level 5.9 Axes
 + Level 3.6 Armour
 + Level 2.0 Dodging
 + Level 0.7 Stealth
 + Level 1.8 Shields


You had 5 spell levels left.
You didn't know any spells.
Your spell library was empty.

Dungeon Overview and Level Annotations

Branches:
Dungeon (4/15)
 Temple: D:4-7

Altars:
Makhleb
Yredelemnul
Zin
The Shining One

Shops:
D:4 }(!


Message History

The ogre is heavily wounded.
The iceblast engulfs the leopard gecko skeleton.
The leopard gecko skeleton partially resists.
You destroy the leopard gecko skeleton!
The Shining One accepts your kill.
You hear a shout! x2
Aiming: Iceblast
Press: ? - help, Q - select action, (/) - cycle Shift-Dir - straight line, f/p - ogre
Aim: an ogre, wielding a +0 giant club (heavily wounded, haloed)
Okay, then.
You hit the ogre.
The ogre is heavily wounded.
The ogre hits you with a +0 giant club!
* * * LOW HITPOINT WARNING * * *
The orc priest casts a cantrip, but nothing happens.
The orc priest shouts, "Join the one true god or die!"
You hit the ogre but do no damage.
The ogre is heavily wounded.
The ogre hits you with a +0 giant club!!
You die...

##..##....# ##.....#
##..###....# #......#
##..####....# ###.#.## ##..##
#...### ##..#.### #######>.##
#.#..####.......# ........##
#.##.##.........# ........#
##.##..#.#....∩..#
.######.#####..###.####....<.#
#....oO@..∩.## ######.#
###.######..# ## #..# ####
...#######o## #.....).)..#
#.(....$#### .#..$....
.....###.. ##..# #.#


You could see an ogre and an orc priest.

Vanquished Creatures
  An orc wizard (D:3)
  A hound (D:4)
  8 adders
  An ooze (D:2)
  An adder skeleton (D:4)
  4 worms (D:2)
  2 dart slugs
  8 orcs
  8 bats
  4 giant cockroaches
  11 goblins
  2 hobgoblins
  2 jackals (D:4)
  4 kobolds
  2 quokkas (D:3)
  4 frilled lizards
  A leopard gecko skeleton (D:4)
  8 rats
72 creatures vanquished.

Vanquished Creatures (others)
  A giant cockroach (D:2)
1 creature vanquished.

Grand Total: 73 creatures vanquished

Notes
Turn   | Place    | Note
-------+----------+-------------------------------------------
     0 | D:1      | seveneves the Hill Orc Berserker began the quest for the
                  | Orb.
     0 | D:1      | Reached XP level 1. HP: 19/19 MP: 1/1
   195 | D:1      | Reached XP level 2. HP: 23/27 MP: 2/2
   488 | D:1      | Reached XP level 3. HP: 33/33 MP: 3/3
   652 | D:2      | Reached ** piety under Trog
   745 | D:2      | Reached XP level 4. HP: 35/41 MP: 4/4
   781 | D:2      | Reached skill level 5 in Axes
   875 | D:2      | Found a burning altar of Makhleb.
   880 | D:2      | Found a glowing silver altar of Zin.
   880 | D:2      | Noticed an angel
   880 | D:2      | Noticed a blizzard demon
  1022 | D:2      | Found a glowing golden altar of the Shining One.
  1025 | D:2      | Noticed an angel
  1039 | D:2      | Found a basalt altar of Yredelemnul.
  1041 | D:2      | Noticed a profane servitor
  1129 | D:2      | Fell from the grace of Trog
  1129 | D:2      | Became a worshipper of the Shining One
  1584 | D:3      | Reached XP level 5. HP: 19/47 MP: 5/5
  2169 | D:4      | Found Wengiuc's Weapon Shoppe.
  2192 | D:4      | Found Meepehud's Distillery.
  2246 | D:4      | Found Moypn's Gadget Shoppe.
  2283 | D:4      | Noticed an ogre
  2306 | D:4      | Reached skill level 1 in Shields
  2306 | D:4      | Reached XP level 6. HP: 40/55 MP: 6/6
  2312 | D:4      | HP: 2/55 [ogre/+0 giant club (13)]
  2319 | D:4      | Mangled by an ogre

Illustrated notes

Levels and vault maps discovered:
D:1:      dpeg_arrival_circle_labyrinth_a, layout_rooms, serial_rivers,
          chequers_serial_rivers_micro_b, chequers_serial_rivers_large_a,
          chequers_serial_rivers_micro_c, chequers_serial_rivers_small_3,
          st_stairs_12, hangedman_decor_clover_reticule
D:2:      layout_loops_cross, grunt_temple_overflow_holy_war,
          grunt_temple_overflow_order_and_chaos_2, lemuel_crystal_altar,
          st_stairs_6
D:3:      layout_basic, minmay_cut_off
D:4:      minmay_bubble_buster, layout_rooms, nicolae_overflow_hidden_temple,
          serial_shops, shop_statue,
          nicolae_shop_temple_entry_statues_fountains, shop, shop

Skill      XL: |  1  2  3  4  5 |
---------------+----------------+-----
Fighting       | 4 |  4.8
Axes           | 5 |  5.9
Armour         | 3 |  3.6
Dodging        | 2 |  2.0
Shields        | 1 |  1.8
Stealth        | |  0.7

Action                   |  1- 3 |  4- 6 || total
-------------------------+-------+-------++-------
Melee: Hand axe          |    99 |   150 ||   249
Invok: Berserk           |     1 |       ||     1
Evoke: Wand              |       |     1 ||     1
  Use: Scroll            |       |     5 ||     5
Armor: Animal skin       |     6 |       ||     6
       Scale mail        |    24 |    81 ||   105
Dodge: Dodged            |    54 |    68 ||   122
Block: Buckler           |     9 |    21 ||    30
